BSA
POCATELLO BOCCABELLAS @ MAUI TROPICS
06/02/2027
 
TOP OF THE 1ST
Pocatello Boccabellas batting - Pitching for Maui Tropics : RHP Steve Floyd
Pitching: RHP Steve Floyd
Batting: RHB Tomás Carranza 0-0: Called Strike
0-1: Foul Ball, location: 2F
0-2: Ball
1-2: Strikes out swinging
Batting: LHB Jim Jensen 0-0: Fly out, F8 (Flyball, 8LD)
Batting: RHB Marlon Phipps 0-0: Called Strike
0-1: Ball
1-1: Ball
2-1: Ground out 6-3 (Groundball, 6D)
Top of the 1st over - 0 run(s), 0 hit(s), 0 error(s), 0 left on base; Pocatello 0 - Maui 0
BOTTOM OF THE 1ST
Maui Tropics batting - Pitching for Pocatello Boccabellas : RHP Samuel Émond
Pitching: RHP Samuel Émond
Batting: LHB Mario Olivares 0-0: Ground out 4-3 (Groundball, 4)
Batting: LHB Luis Antonio Torres 0-0: Ball
1-0: Ball
2-0: Fly out, F6 (Line Drive, 6)
Batting: RHB Jesús Espinoza 0-0: Foul Ball, location: 2F
0-1: Fly out, F9 (Flyball, 9S)
Bottom of the 1st over - 0 run(s), 0 hit(s), 0 error(s), 0 left on base; Pocatello 0 - Maui 0
TOP OF THE 2ND
Pocatello Boccabellas batting - Pitching for Maui Tropics : RHP Steve Floyd
Batting: LHB Juan Cortés 0-0: Ball
1-0: Called Strike
1-1: Ball
2-1: TRIPLE (Flyball, 78XD)
Batting: RHB Francisco Sandoval 0-0: Ball
1-0: Called Strike
1-1: Foul Ball, location: 2F
1-2: Ball
2-2: Strikes out swinging
Batting: LHB Vicente Bueno 0-0: Called Strike
0-1: Called Strike
0-2: Ground out 3-1 (Groundball, 34)
Juan Cortés scores
Batting: SHB Nick Cox 0-0: Ball
1-0: Ball
2-0: Called Strike
2-1: SOLO HOME RUN (Flyball, 8RXD), Distance : 402 ft
Batting: RHB Pedro Guzmán 0-0: Ball
1-0: Ball
2-0: Foul Ball, location: 2F
2-1: Foul Ball, location: 2F
2-2: Ball
3-2: SINGLE (Groundball, 56S) (infield hit)
Batting: RHB José Delgado 0-0: Ball
1-0: Foul Ball, location: 2F
1-1: Ball
2-1: Foul Ball, location: 2F
2-2: Fly out, F8 (Flyball, 8LM)
Top of the 2nd over - 2 run(s), 3 hit(s), 0 error(s), 1 left on base; Pocatello 2 - Maui 0
BOTTOM OF THE 2ND
Maui Tropics batting - Pitching for Pocatello Boccabellas : RHP Samuel Émond
Batting: RHB Luis Alou 0-0: Ground out 6-3 (Groundball, 56)
Batting: LHB José Rivas 0-0: DOUBLE (Groundball, 5L)
Batting: RHB José Herrera 0-0: Foul Ball, location: 2F
0-1: Called Strike
0-2: SINGLE (Flyball, 8RS)
José Rivas to third
Batting: LHB Mike Pearson 0-0: Ball
1-0: Foul Ball, location: 2F
1-1: Foul Ball, location: 2F
1-2: Ball
2-2: Foul Ball, location: 2F
2-2: Ball
3-2: Foul Ball, location: 2F
3-2: Foul Ball, location: 2F
3-2: Ground out 3-1 (Groundball, 34S)
José Rivas scores
José Herrera to second
Batting: RHB Ximena Campos 0-0: Ball
1-0: Called Strike
1-1: Ball
2-1: Fly out, F9 (Flyball, 9LS)
Bottom of the 2nd over - 1 run(s), 2 hit(s), 0 error(s), 1 left on base; Pocatello 2 - Maui 1
TOP OF THE 3RD
Pocatello Boccabellas batting - Pitching for Maui Tropics : RHP Steve Floyd
Batting: RHB Tomás Carranza 0-0: Ball
1-0: Ball
2-0: Called Strike
2-1: Ball
3-1: Foul Ball, location: 2F
3-2: Ground out U3 (Groundball, 3)
Batting: LHB Jim Jensen 0-0: Ball
1-0: Foul Ball, location: 2F
1-1: Foul Ball, location: 2F
1-2: Ball
2-2: Fly out, F4 (Line Drive, 4)
Batting: RHB Marlon Phipps 0-0: Ball
1-0: Ground out 4-3 (Groundball, 4)
Top of the 3rd over - 0 run(s), 0 hit(s), 0 error(s), 0 left on base; Pocatello 2 - Maui 1
BOTTOM OF THE 3RD
Maui Tropics batting - Pitching for Pocatello Boccabellas : RHP Samuel Émond
Batting: RHB Matt Silver 0-0: Ball
1-0: Foul Ball, location: 2F
1-1: Ground out 6-3 (Groundball, 6)
Batting: LHB Mario Olivares 0-0: Ground out 6-3 (Groundball, 6M)
Batting: LHB Luis Antonio Torres 0-0: Fly out, F8 (Line Drive, 8LM)
Bottom of the 3rd over - 0 run(s), 0 hit(s), 0 error(s), 0 left on base; Pocatello 2 - Maui 1
TOP OF THE 4TH
Pocatello Boccabellas batting - Pitching for Maui Tropics : RHP Steve Floyd
Batting: LHB Juan Cortés 0-0: Called Strike
0-1: Ball
1-1: Ball
2-1: Called Strike
2-2: Foul Ball, location: 2F
2-2: SINGLE (Groundball, 56D)
Batting: RHB Francisco Sandoval 0-0: Called Strike
0-1: Fly out, F7 (Flyball, 7D)
Batting: LHB Vicente Bueno 0-0: Ball
1-0: Called Strike
1-1: Ball
2-1: Called Strike
2-2: Foul Ball, location: 2F
2-2: Foul Ball, location: 2F
2-2: Strikes out looking
Juan Cortés steals 2nd base
Batter strikes out.
Batting: SHB Nick Cox 0-0: Ball
1-0: Fly out, F9 (Flyball, 9)
Top of the 4th over - 0 run(s), 1 hit(s), 0 error(s), 1 left on base; Pocatello 2 - Maui 1
BOTTOM OF THE 4TH
Maui Tropics batting - Pitching for Pocatello Boccabellas : RHP Samuel Émond
Batting: RHB Jesús Espinoza 0-0: Swinging Strike
0-1: Ball
1-1: SOLO HOME RUN (Flyball, 7LD), Distance : 463 ft
Batting: RHB Luis Alou 0-0: Fly out, F3 (Popup, 3)
Batting: LHB José Rivas 0-0: Fly out, F7 (Flyball, 7S)
Batting: RHB José Herrera 0-0: Ball
1-0: SINGLE (Groundball, 5L) (infield hit)
Batting: LHB Mike Pearson 0-0: Swinging Strike
0-1: Ball
1-1: Ball
2-1: Foul Ball, location: 2F
2-2: SINGLE (Line Drive, 6D)
José Herrera to second
José Herrera to third
Batting: RHB Ximena Campos 0-0: Ball
1-0: Ball
2-0: Fielders Choice at 2nd, 4-6 (Groundball, 34)
Bottom of the 4th over - 1 run(s), 3 hit(s), 0 error(s), 1 left on base; Pocatello 2 - Maui 2
TOP OF THE 5TH
Pocatello Boccabellas batting - Pitching for Maui Tropics : RHP Steve Floyd
Batting: RHB Pedro Guzmán 0-0: Ball
1-0: SINGLE (Groundball, 6MD)
Batting: RHB José Delgado 0-0: Called Strike
0-1: Ball
1-1: Fly out, F3 (Popup, 3S)
Batting: RHB Tomás Carranza 0-0: Ball
1-0: Ball
2-0: Called Strike
2-1: Swinging Strike
2-2: Ball
3-2: Foul Ball, location: 2F
3-2: Strikes out swinging
Batting: LHB Jim Jensen 0-0: Ball
1-0: Ball
2-0: SINGLE (Line Drive, 89M)
Pedro Guzmán to second
Runner from 2nd tries for 3rd, SAFE, no throw
Batting: RHB Marlon Phipps 0-0: Called Strike
0-1: Foul Ball, location: 2F
0-2: Ball
1-2: Strikes out swinging
Top of the 5th over - 0 run(s), 2 hit(s), 0 error(s), 2 left on base; Pocatello 2 - Maui 2
BOTTOM OF THE 5TH
Maui Tropics batting - Pitching for Pocatello Boccabellas : RHP Samuel Émond
Batting: RHB Matt Silver 0-0: Ball
1-0: Ball
2-0: Called Strike
2-1: Fly out, F6 (Line Drive, 6M)
Batting: LHB Mario Olivares 0-0: Ground out 4-3 (Groundball, 4)
Batting: LHB Luis Antonio Torres 0-0: Ball
1-0: Swinging Strike
1-1: Ball
2-1: Ground out 6-3 (Groundball, 6)
Bottom of the 5th over - 0 run(s), 0 hit(s), 0 error(s), 0 left on base; Pocatello 2 - Maui 2
TOP OF THE 6TH
Pocatello Boccabellas batting - Pitching for Maui Tropics : RHP Steve Floyd
Batting: LHB Juan Cortés 0-0: Ball
1-0: SOLO HOME RUN (Flyball, 9D), Distance : 351 ft
Batting: RHB Francisco Sandoval 0-0: Called Strike
0-1: Foul Ball, location: 2F
0-2: Ball
1-2: Foul Ball, location: 2F
1-2: Ground out 6-3 (Groundball, 56)
Batting: LHB Vicente Bueno 0-0: Called Strike
0-1: Foul Ball, location: 2F
0-2: Ball
1-2: Ball
2-2: Foul Ball, location: 2F
2-2: Strikes out looking
Batting: SHB Nick Cox 0-0: Fly out, F5 (Popup, 5)
Top of the 6th over - 1 run(s), 1 hit(s), 0 error(s), 0 left on base; Pocatello 3 - Maui 2
BOTTOM OF THE 6TH
Maui Tropics batting - Pitching for Pocatello Boccabellas : RHP Samuel Émond
Batting: RHB Jesús Espinoza 0-0: Swinging Strike
0-1: Ground out 4-3 (Groundball, 4)
Batting: RHB Luis Alou 0-0: Ball
1-0: Foul Ball, location: 2F
1-1: Foul Ball, location: 2F
1-2: Fly out, F5 (Popup, 5D)
Batting: LHB José Rivas 0-0: Ball
1-0: Ball
2-0: Called Strike
2-1: Ball
3-1: Foul Ball, location: 2F
3-2: Foul Ball, location: 2F
3-2: SOLO HOME RUN (Flyball, 8RXD), Distance : 406 ft
Batting: RHB José Herrera 0-0: Ball
1-0: Called Strike
1-1: Foul Ball, location: 2F
1-2: Ground out 5-3 (Groundball, 56S)
Bottom of the 6th over - 1 run(s), 1 hit(s), 0 error(s), 0 left on base; Pocatello 3 - Maui 3
TOP OF THE 7TH
Pocatello Boccabellas batting - Pitching for Maui Tropics : RHP Steve Floyd
Pitching: RHP Tony Marrero
Batting: RHB Pedro Guzmán 0-0: Called Strike
0-1: Called Strike
0-2: Strikes out looking
Batting: RHB José Delgado 0-0: Ground out 4-3 (Groundball, 4)
Batting: RHB Tomás Carranza 0-0: Foul Ball, location: 2F
0-1: Called Strike
0-2: Foul Ball, location: 2F
0-2: Strikes out swinging
Top of the 7th over - 0 run(s), 0 hit(s), 0 error(s), 0 left on base; Pocatello 3 - Maui 3
BOTTOM OF THE 7TH
Maui Tropics batting - Pitching for Pocatello Boccabellas : RHP Samuel Émond
Batting: LHB Mike Pearson 0-0: Ball
1-0: Swinging Strike
1-1: Ball
2-1: Swinging Strike
2-2: Foul Ball, location: 2F
2-2: SINGLE (Line Drive, 4M)
Batting: RHB Ximena Campos 0-0: Fly out, F8 (Flyball, 8LS)
Batting: RHB Matt Silver 0-0: Called Strike
0-1: Fielders Choice at 2nd, 6-4 (Groundball, 56)
Batting: LHB Mario Olivares 0-0: Fielders Choice at 2nd, 6-4 (Groundball, 6)
Bottom of the 7th over - 0 run(s), 1 hit(s), 0 error(s), 0 left on base; Pocatello 3 - Maui 3
TOP OF THE 8TH
Pocatello Boccabellas batting - Pitching for Maui Tropics : RHP Tony Marrero
Batting: LHB Jim Jensen 0-0: Called Strike
0-1: Ground out U3 (Groundball, 3)
Batting: RHB Marlon Phipps 0-0: Ball
1-0: Swinging Strike
1-1: Ball
2-1: Foul Ball, location: 2F
2-2: Foul Ball, location: 2F
2-2: Ground out 4-3 (Groundball, 4M)
Batting: LHB Juan Cortés 0-0: Foul Ball, location: 2F
0-1: Foul Ball, location: 2F
0-2: Ball
1-2: Strikes out swinging, 2-3 out at first.
Top of the 8th over - 0 run(s), 0 hit(s), 0 error(s), 0 left on base; Pocatello 3 - Maui 3
BOTTOM OF THE 8TH
Maui Tropics batting - Pitching for Pocatello Boccabellas : RHP Samuel Émond
Batting: LHB Luis Antonio Torres 0-0: Ball
1-0: Fly out, F6 (Line Drive, 6M)
Batting: RHB Jesús Espinoza 0-0: Ball
1-0: Foul Ball, location: 2F
1-1: Called Strike
1-2: SINGLE (Line Drive, 4M)
Pitching: RHP Jaime Espinoza
Batting: RHB Luis Alou 0-0: Ball
1-0: Called Strike
1-1: Ball
2-1: Fly out, F9 (Flyball, 9S)
Pitching: LHP Mark Murchison
Pinch Hitting: RHB José Rodríguez 0-0: Ball
1-0: Foul Ball, location: 2F
1-1: Swinging Strike
1-2: Strikes out swinging
Bottom of the 8th over - 0 run(s), 1 hit(s), 0 error(s), 1 left on base; Pocatello 3 - Maui 3
TOP OF THE 9TH
Pocatello Boccabellas batting - Pitching for Maui Tropics : RHP Tony Marrero
Pitching: RHP Pedro Magana
Now in RF: José Rodríguez
Batting: RHB Francisco Sandoval 0-0: Ball
1-0: Ball
2-0: Foul Ball, location: 2F
2-1: Foul Ball, location: 2F
2-2: SINGLE (Groundball, 3D)
Batting: LHB Vicente Bueno 0-0: Ball
1-0: Sac Bunt - play at first, batter OUT! 1-4
Francisco Sandoval to second
Batting: SHB Nick Cox 0-0: Intentional Walk
Batting: RHB Pedro Guzmán 0-0: Ball
1-0: Foul Ball, location: 2F
1-1: Ball
2-1: Called Strike
2-2: Foul Ball, location: 2F
2-2: Ball
3-2: Strikes out swinging
Batting: RHB José Delgado 0-0: Ball
1-0: Called Strike
1-1: Ball
2-1: Foul Ball, location: 2F
2-2: Foul Ball, location: 2F
2-2: Foul Ball, location: 2F
2-2: Fielders Choice at 2nd, 6-4 (Groundball, 6)
Top of the 9th over - 0 run(s), 1 hit(s), 0 error(s), 1 left on base; Pocatello 3 - Maui 3
BOTTOM OF THE 9TH
Maui Tropics batting - Pitching for Pocatello Boccabellas : LHP Mark Murchison
Batting: RHB José Herrera 0-0: Foul Ball, location: 2F
0-1: Ball
1-1: DOUBLE (Flyball, 89XD)
Pitching: RHP Mike Pierce
Batting: LHB Mike Pearson 0-0: Ball
1-0: Ball
2-0: Foul Ball, location: 2F
2-1: Ball
3-1: Ground out U3 (Groundball, 3L)
José Herrera to third
Batting: RHB Ximena Campos 0-0: Intentional Walk
Batting: RHB Matt Silver 0-0: Ball
1-0: SINGLE (Line Drive, 78M)
José Herrera scores
Thursday, March 30th, 2017 - OOTP Baseball 17.12 Build 75